 Dungeon Crawl Stone Soup version 0.18-a0-910-g1648204 (webtiles) character file.

6591 Proton the Blocker (level 11, -2/87 HPs)
             Began as a Formicid Fighter on Dec 25, 2015.
             Was a Believer of Ru.
             Slain by an enchanted long sword (18 damage)
             ... on level 14 of the Dungeon.
             The game lasted 00:30:33 (10064 turns).

Proton the Blocker (Formicid Fighter)              Turns: 10064, Time: 00:30:33

Health: -2/87      AC: 24    Str: 23    XL:     11   Next: 21%
Magic:  11/11      EV: 13    Int:  9    God:    Ru [**....]
Gold:   554        SH: 12    Dex: 11    Spells: 0 memorised, 10 levels left

rFire  + . .     SeeInvis +     a - +0 long sword
rCold  . . .     Gourm    .     N - +2 chain mail {rF+}
rNeg   . . .     Faith    .     c - +0 shield
rPois  +         Spirit   .     (helmet unavailable)
rElec  .         Dismiss  +     U - +0 cloak
rCorr  .         Reflect  .     G - +0 pair of gloves
SustAt .         Harm     .     g - +0 pair of boots
MR     +....     Clarity  +     n - amulet of dismissal
Stlth  ..........               K - +2 ring of protection
                                k - ring of poison resistance

@: somewhat resistant to hostile enchantments, extremely unstealthy
A: permanent stasis, dig shafts and tunnels, four strong arms, antennae 3,
talons 1, repulsion field 1, rough black scales 1, agile 1, clarity, screaming
1, shaggy fur 1, evolution 1, no stealth, no conjurations magic, no ice magic,
no transmutations magic, MP-powered wands
a: Dig, Shaft Self, Renounce Religion


You were on level 14 of the Dungeon.
You worshipped Ru.
Ru was pleased with you.
You were not hungry.

You visited 2 branches of the dungeon, and saw 14 of its levels.

You collected 704 gold pieces.
You spent 150 gold pieces at shops.

Inventory:

Hand Weapons
 a - a +0 long sword (weapon)
 u - a +2 falchion of flaming
Armour
 c - a +0 shield (worn)
 g - a +0 pair of boots (worn)
 q - a +1 scale mail of cold resistance
 G - a +0 pair of gloves (worn)
 N - a +2 chain mail of fire resistance (worn)
 R - a +1 plate armour of poison resistance
 U - a +0 cloak (worn)
Jewellery
 k - a ring of poison resistance (left hand)
 n - an amulet of dismissal (around neck)
 K - a +2 ring of protection (right hand)
 O - an uncursed ring of protection from magic
Wands
 t - a wand of invisibility (2/9)
 y - a wand of lightning (12/15)
 B - a wand of magic darts (17/48)
 F - a wand of flame (23/48)
 H - a wand of heal wounds (7/9)
 Q - a wand of confusion (38/48)
 S - a wand of magic darts (10/48)
Scrolls
 b - 4 scrolls of amnesia {unknown}
 e - 5 scrolls of noise
 h - 7 scrolls of remove curse
 p - 2 scrolls of teleportation {unknown}
 r - 2 scrolls of fear {unknown}
 s - a scroll of immolation {unknown}
 v - 2 scrolls of enchant weapon {unknown}
 w - a scroll of enchant armour {unknown}
 A - 2 scrolls of brand weapon
 C - 3 scrolls of fog
 D - a scroll of recharging
 J - a scroll of vulnerability
Potions
 d - a potion of might
 j - 3 potions of curing
 l - 3 potions of agility
 o - a potion of resistance
 x - a potion of berserk rage
 I - a potion of ambrosia
 L - 2 potions of heal wounds
 M - a potion of lignification
 P - a potion of magic
 T - a potion of brilliance {unknown}
Comestibles
 f - 8 bread rations
 i - 4 beef jerkies
 m - 2 chunks of flesh
 z - 2 meat rations
 E - 3 fruits


   Skills:
 + Level 8.8 Fighting
 + Level 7.7 Long Blades
 + Level 8.7 Armour
 + Level 6.4 Dodging
 + Level 9.6 Shields


You had 10 spell levels left.
You didn't know any spells.

Dungeon Overview and Level Annotations

Branches:
Dungeon (11/15)            Temple (1/1) D:6            Lair (0/8) D:8
    Orc: D:9-12

Altars:
Ashenzari
Cheibriados
Fedhas
Gozag
Kikubaaqudgha
Makhleb
Nemelex Xobeh
Okawaru
Pakellas
Qazlal
Ru
Sif Muna
Trog
Vehumet
Yredelemnul
Zin
Beogh

Shops:
D:8 !:%

Annotations:
D:10 Snorg


Innate Abilities, Weirdness & Mutations

You are under a permanent stasis effect.
You can dig through walls and to a lower floor.
Your four strong arms can wield two-handed weapons with a shield.
You have a pair of large antennae on your head (SInv).
You cannot be stealthy.
You cannot study or cast Conjurations magic.
You cannot study or cast Ice magic.
You cannot study or cast Transmutations magic.
You have sharp toenails.
You are surrounded by a mild repulsion field (EV +2).
You are partially covered in rough black scales (AC +4, Dex -1).
You are agile. (Dex +2)
You possess an exceptional clarity of mind.
You occasionally shout uncontrollably at your foes.
You are covered in fur (AC +1).
You evolve.
You expend magic power (3 MP) to strengthen your wands.


Message History

You slash the enchanted long sword!
The enchanted long sword is moderately damaged.
The enchanted long sword hits you but does no damage.
The scorpion misses you.
You miss the enchanted long sword.
The enchanted long sword is moderately damaged.
The enchanted long sword barely misses you.
You block the scorpion's attack. The enchanted long sword hits you.
* * * LOW HITPOINT WARNING * * *
You hit the enchanted long sword.
The enchanted long sword is moderately damaged.
The enchanted long sword misses you. The scorpion closely misses you.
You hit the enchanted long sword.
The enchanted long sword is moderately damaged.
You block the enchanted long sword's attack.
The scorpion is stunned by your will and fails to attack.
You hit the enchanted long sword.
The enchanted long sword is heavily damaged.
The enchanted long sword hits you!!
You die...

#..c..........+
#.............#
..............#
..............#
..............+
..............#
#........#
##(.#...##
#@..# .#
##s.....#
.......#
.......#
........#
....##..#
...... ..# ...
..


You could see a scorpion and an enchanted long sword.

Vanquished Creatures
  A troll (D:10)
  A wraith (D:10)
  A steam dragon (D:10)
  A water moccasin (D:10)
  9 orc warriors
  2 sky beasts
  3 black bears
  2 phantoms
  12 centaurs
  4 crocodiles
  3 ogres
  8 giant frogs
  A scorpion (D:8)
  The ghost of Proton the Skirmisher, a weakling MiFi (D:3)
  16 killer bees
  4 crimson imps
  3 jellies (D:5)
  A gnoll shaman (D:7)
  9 hounds
  6 orc priests
  3 giant frog skeletons
  10 orc wizards
  5 worker ants
  An iguana (D:9)
  A hound zombie (D:7)
  2 hound skeletons
  18 gnolls
  17 adders
  4 river rats (D:8)
  4 shadow imps
  An ooze (D:2)
  An adder skeleton (D:7)
  4 worms
  46 orcs
  A bat zombie (D:6)
  3 giant cockroaches
  10 goblins
  7 hobgoblins
  7 jackals
  9 quokkas
  A ball python skeleton (D:5)
  14 bats
  3 giant geckos
  8 giant newts
  12 kobolds
  2 quokka zombies (D:9)
  20 rats
302 creatures vanquished.

Vanquished Creatures (others)
  A wolf spider (D:2)
  An ogre (D:5)
  9 fungi (D:8)
  2 plants (D:8)
13 creatures vanquished.

Grand Total: 315 creatures vanquished

Notes
Turn   | Place    | Note
--------------------------------------------------------------
     0 | D:1      | Proton the Formicid Fighter began the quest for the Orb.
     0 | D:1      | Reached XP level 1. HP: 18/18 MP: 1/1
   164 | D:1      | Reached XP level 2. HP: 22/24 MP: 2/2
   370 | D:1      | Reached XP level 3. HP: 28/30 MP: 3/3
   682 | D:2      | Found an oddly glowing altar of Pakellas.
   683 | D:2      | Noticed a wolf spider
   692 | D:2      | Killed a wolf spider
   725 | D:2      | Reached skill level 4 in Shields
   810 | D:2      | Reached XP level 4. HP: 34/37 MP: 4/4
   882 | D:2      | Found a deep blue altar of Sif Muna.
  1238 | D:2      | Reached XP level 5. HP: 37/42 MP: 5/5
  1413 | D:3      | Found a sacrificial altar of Ru.
  1421 | D:3      | Became a worshipper of Ru the Awakened
  1557 | D:3      | Reached skill level 1 in Dodging
  2227 | D:3      | Gained mutation: You are agile. (Dex +2) [potion of beneficial mutation]
  2311 | D:3      | Noticed Proton's ghost (weakling MiFi)
  2325 | D:3      | Killed Proton's ghost
  2325 | D:3      | Reached XP level 6. HP: 22/48 MP: 6/6
  2927 | D:4      | Reached skill level 5 in Shields
  3005 | D:4      | Reached XP level 7. HP: 52/55 MP: 7/7
  3119 | D:4      | Gained mutation: You cannot study or cast Ice magic. [Ru sacrifice]
  3119 | D:4      | Gained mutation: You cannot study or cast Transmutations magic. [Ru sacrifice]
  3119 | D:4      | Gained mutation: You cannot study or cast Conjurations magic. [Ru sacrifice]
  3119 | D:4      | Reached * piety under Ru
  3174 | D:4      | Found a basalt altar of Yredelemnul.
  3401 | D:4      | Found a sparkling altar of Nemelex Xobeh.
  3439 | D:4      | Found a stormy altar of Qazlal.
  3662 | D:5      | Entered Level 5 of the Dungeon
  3691 | D:5      | Reached skill level 5 in Fighting
  3691 | D:5      | Reached skill level 5 in Armour
  3695 | D:5      | Gained mutation: You are frail (-10% HP). [mutagenic meat]
  3696 | D:5      | Gained mutation: You are surrounded by a mild repulsion field (EV +2). [mutagenic meat]
  3697 | D:5      | Gained mutation: You expend magic power (3 MP) to strengthen your wands. [mutagenic meat]
  3735 | D:5      | You fall through a shaft for 2 floors!
  3771 | D:6      | Found a snail-covered altar of Cheibriados.
  3797 | D:5      | Found a blossoming altar of Fedhas.
  3903 | D:6      | Reached XP level 8. HP: 46/55 MP: 8/8
  3912 | D:6      | Gained mutation: Your spells are a little easier to cast, but a little less powerful. [potion of mutation]
  3912 | D:6      | Lost mutation: You are frail (-10% HP). [potion of mutation]
  3912 | D:6      | Gained mutation: You occasionally shout uncontrollably at your foes. [potion of mutation]
  3913 | D:6      | Gained mutation: Your natural rate of healing is unusually fast. [potion of mutation]
  3950 | D:6      | Reached skill level 6 in Shields
  4727 | D:6      | Reached skill level 5 in Long Blades
  4819 | D:6      | Found a staircase to the Ecumenical Temple.
  4854 | D:6      | Reached XP level 9. HP: 56/69 MP: 9/9
  4894 | Temple   | Entered the Ecumenical Temple
  4997 | D:6      | Found an ancient bone altar of Kikubaaqudgha.
  5062 | D:6      | Reached skill level 7 in Shields
  5316 | D:7      | Found a basalt altar of Yredelemnul.
  5325 | D:7      | Found an iron altar of Okawaru.
  5330 | D:7      | Found an opulent altar of Gozag.
  5411 | D:7      | You fall through a shaft for 3 floors!
  5411 | D:10     | Entered Level 10 of the Dungeon
  5430 | D:10     | Noticed a troll
  5564 | D:8      | Found Suent's Food Shop.
  6104 | D:8      | Reached skill level 5 in Dodging
  6160 | D:8      | Found a staircase to the Lair.
  6190 | D:8      | Found a glowing silver altar of Zin.
  6221 | D:7      | Reached skill level 8 in Shields
  6260 | D:7      | Reached XP level 10. HP: 72/79 MP: 10/10
  6265 | D:7      | Gained mutation: You have sharp toenails. [mutagenic meat]
  6267 | D:7      | Lost mutation: Your spells are a little easier to cast, but a little less powerful. [mutagenic meat]
  6268 | D:7      | Lost mutation: Your natural rate of healing is unusually fast. [mutagenic meat]
  6269 | D:7      | Gained mutation: You are partially covered in rough black scales (AC +4, Dex -1). [mutagenic meat]
  6834 | D:8      | Found a shattered altar of Ashenzari.
  6959 | D:8      | Found Plog's Distillery.
  6980 | D:8      | Bought a potion of heal wounds for 60 gold pieces
  6980 | D:8      | Bought a potion of mutation for 30 gold pieces
  6980 | D:8      | Bought a potion of heal wounds for 60 gold pieces
  6980 | D:8      | Gained mutation: You possess an exceptional clarity of mind. [potion of mutation]
  6980 | D:8      | Gained mutation: You evolve. [potion of mutation]
  7027 | D:8      | Found Zecovoz's Book Emporium.
  7115 | D:8      | Found a bloodstained altar of Trog.
  7241 | D:8      | Found a radiant altar of Vehumet.
  7241 | D:8      | Found a burning altar of Makhleb.
  7824 | D:9      | Found a roughly hewn altar of Beogh.
  7977 | D:9      | Gained mutation: You are covered in fur (AC +1). [evolution]
  8455 | D:10     | Reached skill level 9 in Shields
  8661 | D:10     | Gained mutation: You cannot be stealthy. [Ru sacrifice]
  8661 | D:10     | Reached ** piety under Ru
  8910 | D:10     | Reached XP level 11. HP: 39/87 MP: 11/11
  9592 | D:11     | Noticed Snorg
  9999 | D:10     | You fall through a shaft for 3 floors!
  9999 | D:13     | Noticed a cyclops
 10000 | D:13     | Noticed a cyclops
 10004 | D:13     | You fall through a shaft!
 10052 | D:14     | Noticed an enchanted long sword
 10056 | D:14     | Noticed an enchanted long sword
 10064 | D:14     | Slain by an enchanted long sword

Vault maps used:
D:1:      lightli_arrival_flooded_house, kennysheep_nondescript,
          minmay_misc_feat_alley, serial_bayou_pond_d
D:2:      gammafunk_pakellas_cloud_experiment, lemuel_tele_altar
D:3:      first_bread, roderic_nine_men_s_morris,
          nicolae_ru_sacrificial_ziggurat
D:4:      nemelex_xobeh_ov_fountains_minmay, lemuel_coloured_pillars_altar,
          yredelemnul_altar_generic
D:5:      nicolae_overflow_hidden_temple
D:6:      lemuel_zombie_altar_kikubaaqudgha, cheibriados_altar_1, temple_doors_e
D:7:      gammafunk_temple_overflow_forgotten
D:8:      grunt_temple_overflow_lords_of_destruction, evilmike_ruin_ashenzari,
          trog_ov_bears_minmay, overflow_temple_1_default,
          grunt_lair_entry_orc_guard_hut, serial_shops, shop, shop,
          shop_fountains
D:9:      kennysheep_ambush_hall, special_room
D:11:     uniq_snorg
D:13:     hangedman_little_slice_of_home, bh_circular_ruins, uniq_erolcha
D:14:     dragon1_lemuel, erik_vaults_1, moated_statue
Temple:   nicolae_temple_hex_pool

Action                   |  1- 3 |  4- 6 |  7- 9 | 10-12 || total
-------------------------+-------+-------+-------+-------++-------
Melee: Long sword        |   127 |   260 |   655 |   755 ||  1797
Invok: Sacrifice Arcana  |       |       |     1 |       ||     1
       Reject Sacrifices |       |       |     1 |       ||     1
       Sacrifice Stealth |       |       |       |     1 ||     1
 Abil: Dig               |       |       |     4 |       ||     4
       Shaft Self        |       |       |       |     2 ||     2
  Use: Scroll            |       |     4 |     8 |     5 ||    17
       Potion            |       |     1 |     2 |     3 ||     6
 Stab: Distracted        |       |       |     3 |       ||     3
  Eat: Chunk             |       |     8 |    12 |    18 ||    38
       Royal jelly       |       |       |     1 |       ||     1
       Pizza             |       |       |       |     2 ||     2
